AoeStats
← Atman

Black Forest

503848781Analyzed
1v1 RM · 1mo ago on Sep 2, 2026· 31m 4s· 2 players
Game mode
Random Map
Map size
Tiny (2 player)
Population
200
Speed
Normal
Resources
Standard
Victory
Conquest
Starting age
Dark Age
Ending age
Imperial Age
RankedLock teamsTeams togetherTeam positionsShared explorationLock speedFull tech treeHidden civsTurbo modeCheats
Victory
Defeat
🇮🇳 Mapuche · India
1225
+43
🇺🇸 Italians · United States
1252
-17
Atman
1:02 Loom
11:37 Feudal Age
19:30 Fletching
20:22 Town Watch
23:18 Double-Bit Axe
23:13 Horse Collar
Weak_mechanics
1:13 Loom
12:16 Feudal Age
13:13 Double-Bit Axe
13:12 Horse Collar
13:21 Town Watch
17:25 Fletching
22:41 Castle Age
23:13 Stone Mining
Connection lost

Rejoining the realm…

Still unreachable

The connection could not be restored.

Session expired

The server has moved on; the page needs a fresh start.